 Dungeon Crawl Stone Soup version 0.24.0-5-g267a8d59f4 (webtiles) character file.

Game seed: 5037761791023200594, levelgen mode: deterministic

102 wullow the Magician (level 4, -2/38 HPs)
             Began as a Naga Wanderer on Nov 2, 2019.
             Slain by an orc
             ... wielding a +0 trident
              (7 damage)
             ... on level 3 of the Dungeon.
             The game lasted 00:06:49 (2386 turns).

wullow the Magician (Naga Wanderer)                 Turns: 2386, Time: 00:06:50

Health: -2/38      AC:  5    Str: 16    XL:     4   Next: 77%
Magic:  10/10      EV:  4    Int: 11    God:
Gold:   126        SH: 11    Dex: 11    Spells: 10/11 levels left

rFire    . . .     SeeInvis +   s - +0 hand axe
rCold    . . .     Gourm    .   B - +0 large shield (curse)
rNeg     . . .     Faith    .   d - +0 robe
rPois    +         Spirit   .   t - +1 helmet
rElec    .         Reflect  .   (no cloak)
rCorr    +         Harm     .   c - +0 pair of gloves
MR       .....                  (no barding)
Stlth    ++........             (no amulet)
HPRegen  0.12/turn              w - ring of resist corrosion
MPRegen  0.12/turn              (no ring)

@: very slow
A: large, see invisible, deformed body, poison resistance, slowness 2, slow
metabolism 1, spit poison 1, AC +1
a: Spit Poison


You were on level 3 of the Dungeon.
You were not hungry.

You visited 1 branch of the dungeon, and saw 3 of its levels.

You collected 126 gold pieces.

Inventory:

Hand Weapons
 a - a +2 dagger
 s - a +0 hand axe (weapon)
 u - a +0 falchion
Missiles
 b - 3 curare-tipped darts
 h - 10 poisoned darts (quivered)
 l - 22 sling bullets
 r - 56 stones
Armour
 c - a +0 pair of gloves (worn)
 d - a +0 robe (worn)
 t - a +1 helmet (worn)
 B - a cursed +0 large shield (worn)
Jewellery
 w - a ring of resist corrosion (left hand)
Scrolls
 e - 6 scrolls of identify {unknown}
 g - a scroll of fog {unknown}
 i - a scroll of immolation {unknown}
 n - a scroll of teleportation {unknown}
 q - a scroll of blinking {unknown}
 y - a scroll of amnesia {unknown}
 z - a scroll of fear {unknown}
 A - a scroll of random uselessness {unknown}
Potions
 k - a potion of curing {unknown}
 m - a potion of brilliance {unknown}
 o - 2 potions of ambrosia {unknown}
 p - 2 potions of agility {unknown}
 v - a potion of magic {unknown}
 x - a potion of mutation {unknown}
Comestibles
 f - 6 rations
 j - 4 chunks of flesh


   Skills:
 + Level 1.3 Fighting
 - Level 1.4 Short Blades
 + Level 1.0 Axes
 - Level 1.0 Throwing
 + Level 0.3 Armour
 + Level 3.1 Stealth
 * Level 0.3 Shields
 + Level 4.3 Spellcasting
 + Level 2.6 Conjurations
   Level 1.0 Charms
   Level 1.0 Translocations
 + Level 0.4 Poison Magic


You had 10 spell levels left.
You knew the following spells:

 Your Spells              Type           Power        Failure   Level  Hunger
a - Sting                 Conj/Pois      #...         96%         1    #......

Your spell library contained the following spells:

 Spells                   Type           Power        Failure   Level  Hunger
 Mephitic Cloud           Conj/Pois/Air  #.......     100%        3    ###....


Dungeon Overview and Level Annotations

Branches:
Dungeon (3/15)

Altars:


Innate Abilities, Weirdness & Mutations

You cannot wear boots.
Your serpentine skin is tough. (AC +1)
You have supernaturally acute eyesight. (SInv)
Armour fits poorly on your strangely shaped body.
Your system is resistant to poisons. (rPois)
You cover ground very slowly.
You have a slow metabolism.
You can spit poison.


Message History

* * * LOW HITPOINT WARNING * * *
You block the orc's attack.
The leopard gecko bites you but does no damage.
You hit the orc.
The orc is lightly wounded.
You closely miss the leopard gecko.
The leopard gecko bites you but does no damage.
You block the orc's attack. You block the leopard gecko's attack.
You block the orc's attack.
You hit the orc but do no damage.
The orc is lightly wounded.
Your shield prevents you from hitting the leopard gecko.
You block the leopard gecko's attack. You block the orc's attack.
The leopard gecko bites you but does no damage.
You completely miss the orc.
The orc is lightly wounded.
You hit the leopard gecko. The leopard gecko bites you.
* * * LOW HITPOINT WARNING * * *
The orc hits you with a +0 trident!
You die...

##.........# #.#.#.
...........#####.#.#.
.......†..l.........>
#...........#..####.#
#..####..............
#.....h...#.##..###.#
#.#####.#.# # #.#
##..o....#... ......
##....@l.#########.##..
..........÷÷.....##.#...
..........####...##.#...
..........# #...##.....
..........# ##'###.....
....#...... ##.###.....
)...#....... +..........
... #........##.........
#..........##...#...


You could see an orc and a leopard gecko.

Vanquished Creatures
  A howler monkey zombie (D:3)
  A gnoll (D:1)
  2 adders
  A worm (D:2)
  A dart slug (D:1)
  3 leopard geckos
  3 bats
  2 giant cockroaches
  8 goblins
  3 hobgoblins
  7 jackals
  2 kobolds
  A quokka (D:2)
  3 ball pythons
  4 frilled lizards
  11 rats
53 creatures vanquished.

Notes
Turn   | Place    | Note
-------+----------+-------------------------------------------
     0 | D:1      | wullow the Naga Wanderer began the quest for the Orb.
     0 | D:1      | wullow set off with the following items: a +2 dagger, 3
                  | curare-tipped darts, a +0 robe, a ration; and the following
                  | spell memorised: Sting; and the following spells available
                  | to memorise: Mephitic Cloud
     0 | D:1      | Reached XP level 1. HP: 15/15 MP: 5/5
   134 | D:1      | Reached XP level 2. HP: 22/22 MP: 7/7
   227 | D:1      | Reached skill level 1 in Short Blades
   555 | D:1      | Reached XP level 3. HP: 12/30 MP: 8/8
  1320 | D:2      | Reached skill level 1 in Fighting
  1493 | D:2      | Reached XP level 4. HP: 33/38 MP: 10/10
  2243 | D:3      | Reached skill level 1 in Axes
  2386 | D:3      | Slain by an orc

Levels and vault maps discovered:
D:1:      kennysheep_arrival_forest, layout_rooms
D:2:      layout_rooms
D:3:      layout_basic, first_ration

Skill      XL: |  1  2  3  4 |
---------------+-------------+-----
Short Blades   | 1 |  1.4
Stealth        | 2 3 |  3.1
Fighting       | 1 |  1.3
Axes           | 1 |  1.0
Throwing       | |  1.0
Armour         | |  0.3
Shields        | |  0.3
Spellcasting   | |  4.3
Conjurations   | |  2.6
Charms         | |  1.0
Translocations | |  1.0
Poison Magic   | |  0.4

Action                   |  1- 3 |  4- 6 || total
-------------------------+-------+-------++-------
Melee: Dagger            |    37 |       ||    37
       Hand axe          |    73 |    75 ||   148
Throw: Dart              |    14 |       ||    14
 Abil: Spit Poison       |     6 |     7 ||    13
  Use: Potion            |       |     1 ||     1
 Stab: Sleeping          |     3 |       ||     3
  Eat: Chunk             |     1 |     3 ||     4
Armor: Robe              |    50 |    43 ||    93
Dodge: Dodged            |    64 |    36 ||   100
Block: Large shield      |       |    43 ||    43
